 Dungeon Crawl Stone Soup version 0.31.0-10-gcf4a605ca0 (webtiles) character file.

Game seed: 11943126132849478334

89 Arcadio the Chopper (level 4, 0/41 HPs)
             Began as a Hill Orc Monk on Jan 25, 2024.
             Was a Believer of Dithmenos.
             Killed by psychic fangs
             ... invoked by a brain worm
              (12 damage)
             ... in a sewer.
             The game lasted 00:03:46 (1923 turns).

Arcadio the Chopper (Hill Orc Monk)                 Turns: 1923, Time: 00:03:46

Health: 0/41       AC:  4    Str: 15    XL:     4   Next: 55%
Magic:  0/4        EV: 12    Int: 10    God:    Dithmenos [**....]
Gold:   107        SH:  0    Dex: 13    Spells: 3/3 levels left

rFire   . . .        a - +0 hand axe
rCold   . . .        d - orb {light}
rNeg    . . .        l - +0 leather armour
rPois   .            h - +0 helmet
rElec   .            (no cloak)
rCorr   .            (no gloves)
SInv    .            (no boots)
Will    .....        o - amulet of regeneration
Stlth   +            (no ring)
HPRegen 1.06/turn    (no ring)
MPRegen 0.09/turn

%: no passive effects
@: no status effects
A: no striking features
a: Renounce Religion, Shadow Step


You were in a sewer.
You worshipped Dithmenos.
Dithmenos was pleased with you.
You visited 1 branch of the dungeon, and saw 3 of its levels.
You also visited: Sewer.

You collected 107 gold pieces.

Inventory:

Hand Weapons
 a - a +0 hand axe (weapon)
Armour
 b - a +0 robe
 d - an orb of light (worn)
 h - a +0 helmet (worn)
 l - a +0 leather armour (worn)
Jewellery
 o - an amulet of regeneration (around neck)
Scrolls
 i - a scroll of teleportation {unknown}
 j - a scroll of noise {unknown}
 k - a scroll of vulnerability {unknown}
 m - a scroll of poison {unknown}
 p - a scroll of revelation
 r - a scroll of fog {unknown}
Potions
 c - a potion of ambrosia
 e - 3 potions of brilliance
 f - a potion of might {unknown}
 g - 2 potions of curing
 n - a potion of mutation {unknown}
 q - a potion of cancellation


   Skills:
 + Level 4.7 Fighting
 + Level 5.0 Axes
 + Level 2.3 Armour
 - Level 2.4 Dodging


You had 3 spell levels left.
You didn't know any spells.
Your spell library contained the following spells:

 Spells                   Type           Power      Damage    Failure   Level
 Kiss of Death            Conj/Necr      0%         2d5       43%         1
 Confusing Touch          Hex            0%         N/A       80%         3
 Dispel Undead            Necr           0%         3d6       99%         4


Dungeon Overview and Level Annotations

Branches:
Dungeon (3/15)              Sewer (1/1)

Altars:
Dithmenos
Wu Jian


Message History

The brain worm's throbbing head pulsates.
Something gnaws on your mind!
You feel your power leaking away.
Your unstable footing causes you to fumble your attack.
The brain worm bites you but does no damage.
Your unstable footing causes you to fumble your attack.
The brain worm's bulging head throbs.
Something gnaws heavily on your mind!
Your unstable footing causes you to fumble your attack.
The brain worm splashes around in the water.
Okay, then.
The brain worm splashes around in the water.
The brain worm misses you. The brain worm bites you.
The brain worm splashes around in the water.
You hit the brain worm.
The brain worm is lightly wounded.
The brain worm misses you.
You barely miss the brain worm.
The brain worm is lightly wounded.
The brain worm's bulging head throbs.
Something gnaws on your mind!
You feel your power leaking away.
You barely miss the brain worm. The brain worm bites you.
You barely miss the brain worm. The brain worm barely misses you.
You barely miss the brain worm. The brain worm closely misses you.
You completely miss the brain worm. The brain worm barely misses you.
You hit the brain worm.
The brain worm is lightly wounded.
The brain worm's bulging head throbs.
Something gnaws heavily on your mind!
* * * LOW HITPOINT WARNING * * *
Unknown command.
Okay, then.
It was a potion of cancellation.
You feel magically purged.
The brain worm splashes around in the water.
You feel better.
The brain worm's throbbing head pulsates.
Something gnaws heavily on your mind!
You die...

########################
..~..~.~~~~~~~~......~.~
.~..~..@w~~~~~~~~.......
########################
#.# #. # ### #.## ##†.


You could see a brain worm.

Vanquished Creatures
  An adder (D:3)
  2 river rats (Sewer)
  3 orcs (D:2)
  3 ball pythons (D:1)
  3 endoplasms
  3 hobgoblins (D:1)
  8 jackals (D:1)
  4 kobolds
  7 quokkas
  5 bats
  2 frilled lizards (Sewer)
  2 goblins
  12 rats
55 creatures vanquished.

Notes
Turn   | Place    | Note
-------+----------+-------------------------------------------
     0 | D:1      | Arcadio the Hill Orc Monk began the quest for the Orb.
     0 | D:1      | Reached XP level 1. HP: 19/19 MP: 1/1
   107 | D:1      | Reached XP level 2. HP: 22/27 MP: 2/2
   136 | D:1      | Reached skill level 1 in Armour
   283 | D:1      | Found a faded altar of an unknown god.
   452 | D:1      | Reached XP level 3. HP: 27/33 MP: 3/3
  1665 | D:3      | Found an ornate altar of the Wu Jian Council.
  1665 | D:3      | Found a shadowy altar of Dithmenos.
  1673 | D:3      | Became a worshipper of Dithmenos the Shadowed
  1673 | D:3      | Reached * piety under Dithmenos
  1673 | D:3      | Reached ** piety under Dithmenos
  1742 | D:3      | Reached XP level 4. HP: 41/41 MP: 4/4
  1776 | D:3      | Found a glowing drain.
  1787 | Sewer    | Entered a sewer
  1829 | Sewer    | Reached skill level 5 in Axes
  1885 | Sewer    | Noticed a brain worm
  1923 | Sewer    | Killed from afar by a brain worm

Illustrated notes

Levels and vault maps discovered:
D:1:      evilmike_arrival_fibonacci_small, layout_basic,
          hellmonk_ecumenical_altar_zigzags
D:2:      layout_loops_ring
D:3:      layout_basic, jmf_multi_god_temple, portal_sewer_entry_d
Sewer:    sewer_co_cracked_pipes

Skill      XL: |  1  2  3  4 |
---------------+-------------+-----
Armour         | 1 2 |  2.3
Fighting       | 4 |  4.7
Axes           | 5 |  5.0
Dodging        | |  2.4

Action                     |  1- 3 |  4- 6 || total
---------------------------+-------+-------++-------
  Melee: Hand axe          |   123 |    82 ||   205
    Use: Scroll            |     3 |       ||     3
         Potion            |       |     2 ||     2
 Armour: Robe              |    53 |       ||    53
         Leather armour    |    23 |    35 ||    58
  Dodge: Dodged            |    67 |    34 ||   101
